 Dungeon Crawl Stone Soup version 0.31-a0-180-g519b7de00c (webtiles) character file.

Game seed: 5436048043546083644

290 frimble the Insei (level 6, -2/39 HPs)
             Began as an Octopode Warper on June 20, 2023.
             Slain by a gnoll
             ... wielding a +0 halberd
             ... led by a gnoll bouda
              (14 damage)
             ... on level 4 of the Dungeon.
             The game lasted 00:03:58 (3486 turns).

frimble the Insei (Octopode Warper)                 Turns: 3486, Time: 00:03:58

Health: -2/39      AC:  1    Str: 12    XL:     6   Next: 32%
Magic:  4/9        EV: 13    Int: 15    God:
Gold:   192        SH:  0    Dex: 12    Spells: 4/9 levels left

rFire   . .          .
                       - Unarmed
rCold   . . .        (no shield)
rNeg    . . .        (helmet restricted)
rPois   .            l - amulet of regeneration
rElec   .            (no ring)
rCorr   .            (no ring)
SInv    .            (no ring)
Will    .....        (no ring)
Stlth   ++           (no ring)
HPRegen 1.06/turn    (no ring)
MPRegen 0.11/turn    (no ring)
                     (no ring)

%: no passive effects
@: very slightly contaminated
A: almost no armour, amphibious, 8 rings, camouflage 1, gelatinous body 1,
(nimble swimmer 1), tentacles
a: no special abilities


You were on level 4 of the Dungeon.
You visited 1 branch of the dungeon, and saw 4 of its levels.

You collected 192 gold pieces.

Inventory:

Missiles
 b - 4 boomerangs of dispersal (quivered)
Jewellery
 l - an amulet of regeneration (around mantle)
Wands
 d - a wand of paralysis (3)
 h - a wand of quicksilver (26)
Scrolls
 a - a scroll of blinking
 f - a scroll of noise
Potions
 c - 3 potions of might
 e - a potion of brilliance {unknown}
 i - a potion of mutation {unknown}
 k - 2 potions of heal wounds {unknown}


   Skills:
 - Level 2.0 Fighting
 - Level 1.0 Throwing
 - Level 2.3 Dodging
 + Level 5.2 Unarmed Combat
 - Level 2.0 Spellcasting
 - Level 3.0 Translocations
 + Level 2.4 Ice Magic
 + Level 2.3 Evocations


You had 4 spell levels left.
You knew the following spells:

 Your Spells              Type           Power      Damage    Failure   Level
a - Blink                 Tloc           20%        N/A       10%         2
b - Frozen Ramparts       Ice            16%        1d3       24%         3

Your spell library contained the following spells:

 Spells                   Type           Power      Damage    Failure   Level
 Freeze                   Ice            32%        1d5       9%          1
 Lesser Beckoning         Tloc           20%        N/A       10%         2
 Teleport Other           Tloc           10%        N/A       19%         3
 Vhi's Electric Charge    Tloc/Air       12%        N/A       34%         3
 Hailstorm                Conj/Ice       5%         3d4       38%         3
 Dazzling Flash           Conj/Hex       2%         N/A       54%         3
 Manifold Assault         Tloc           10%        N/A       54%         4
 Agony                    Necr           1%         N/A       99%         5
 Silence                  Hex/Air        0%         N/A       99%         5


Dungeon Overview and Level Annotations

Branches:
Dungeon (4/15)
 Temple: D:4-7

Altars:


Innate Abilities, Weirdness & Mutations

You cannot wear most types of armour.
You are amphibious.
You can wear up to eight rings at the same time.
Your skin changes colour to match your surroundings (Stealth+).
Your rubbery body absorbs attacks. (AC +1, EV +1)
((You are camouflaged when in or above water. (Stealth+)))
You have tentacles for arms and can constrict up to eight enemies at once.


Message History

You kill the gnoll!
The gnoll bouda barks out a call to the hunt!
You hear a shout!
You hear a shout!
The frozen ramparts melt away.
The gnoll bouda completely misses you.
You tentacle-slap the gnoll bouda. You grab the gnoll bouda.
The gnoll bouda is lightly wounded.
You constrict the gnoll bouda, but do no damage.
The gnoll bouda hits you with a +0 club!
You tentacle-slap the gnoll bouda.
The gnoll bouda is lightly wounded.
You constrict the gnoll bouda. The gnoll bouda closely misses you.
The gnoll barely misses you.
You tentacle-slap the gnoll bouda but do no damage.
The gnoll bouda is moderately wounded.
You constrict the gnoll bouda, but do no damage.
The gnoll bouda barks out a call to the hunt!
The gnoll hits you from afar with a +0 spear.
Casting: Frozen Ramparts (quite dangerous; 24% risk of failure)
Confirm with . or Enter, or press ? or * to list all spells.
The spell is quite dangerous to miscast (24% risk of failure)!
Continue anyway? [Y]es or [N]o only, please.
The spell is quite dangerous to miscast (24% risk of failure)!
Continue anyway?
Casting: Frozen Ramparts (quite dangerous; 24% risk of failure)
Press: ? - help, Dir - look around, f - activate You can't see that place. [the floor.]
You miscast Frozen Ramparts.
You are very lightly contaminated with residual magic.
A chill runs through your body!
You constrict the gnoll bouda. The gnoll bouda closely misses you.
The gnoll hits you from afar with a +0 halberd.
The gnoll hits you from afar with a +0 spear.
You tentacle-slap the gnoll bouda.
The gnoll bouda is heavily wounded.
You constrict the gnoll bouda, but do no damage.
The gnoll bouda hits you with a +0 club.
The gnoll hits you from afar with a +0 halberd!
You die... .........#####.## #.....## #.# #.....## #.# ~ #....#..# ##.# ~~ #....##..##..# g~g

##....###...###
..g.
#..#...###.##
...ยง.
###<####....##
##...#@..#
#>...#
#..ggg.<.#
#....#
.....g....#
##..##
###........#
#..#
###??.....#
#..#
##............
.......###....
........#
#..##....#


You could see a gnoll bouda and 3 gnolls.

Vanquished Creatures
  A gnoll bouda (D:4)
  A hound (D:4)
  Ijyb (D:4)
  5 gnolls (D:4)
  6 adders
  4 worms
  A dart slug (D:2)
  12 ball pythons
  4 bats
  7 endoplasms
  2 giant cockroaches
  11 goblins
  6 hobgoblins
  2 jackals (D:2)
  14 kobolds
  2 quokkas
  6 frilled lizards
  7 rats
92 creatures vanquished.

Notes
Turn   | Place    | Note
-------+----------+-------------------------------------------
     0 | D:1      | frimble the Octopode Warper began the quest for the Orb.
     0 | D:1      | Reached XP level 1. HP: 14/14 MP: 3/3
    83 | D:1      | Reached XP level 2. HP: 9/19 MP: 5/5
   192 | D:1      | Reached skill level 3 in Unarmed Combat
   392 | D:1      | Found a faded altar of an unknown god.
   438 | D:1      | Reached XP level 3. HP: 24/24 MP: 6/6
  1222 | D:2      | Reached skill level 4 in Unarmed Combat
  1268 | D:2      | Reached XP level 4. HP: 21/29 MP: 7/7
  1276 | D:2      | Learned a level 2 spell: Blink
  1555 | D:2      | Learned a level 3 spell: Frozen Ramparts
  2054 | D:3      | Reached skill level 1 in Ice Magic
  2606 | D:3      | Reached XP level 5. HP: 34/34 MP: 8/8
  3054 | D:4      | Noticed Ijyb
  3069 | D:4      | Killed Ijyb
  3070 | D:4      | Reached skill level 1 in Evocations
  3081 | D:4      | Reached skill level 5 in Unarmed Combat
  3091 | D:4      | Reached XP level 6. HP: 25/39 MP: 3/9
  3486 | D:4      | Slain by a gnoll

Illustrated notes

Levels and vault maps discovered:
D:1:      sevenhm_arrival_forest_fort_large_2, layout_loops_corners,
          ebering_ecumenical_altar_hall
D:2:      layout_basic
D:3:      layout_loops_corners, minmay_misc_feat_tiny,
          chequers_serial_rivers_large_a
D:4:      layout_layer_cave, ebering_ghost_sewer_f, minmay_manual_mullet,
          uniq_ijyb, uniq_duvessa

Skill      XL: |  1  2  3  4  5  6 |
---------------+-------------------+-----
Unarmed Combat | 3 4 5 |  5.2
Ice Magic      | 1 2 |  2.4
Evocations     | 1 2 |  2.3
Fighting       | |  2.0
Throwing       | |  1.0
Dodging        | |  2.3
Spellcasting   | |  2.0
Translocations | |  3.0

Action                     |  1- 3 |  4- 6 || total
---------------------------+-------+-------++-------
  Melee: Unarmed           |    84 |   126 ||   210
         Constrict         |    25 |    31 ||    56
         Tentacles         |    17 |    27 ||    44
         Punch             |     2 |     3 ||     5
  Throw: Boomerang         |       |     3 ||     3
   Cast: Frozen Ramparts   |       |     3 ||     3
         Blink             |       |     2 ||     2
  Evoke: Wand              |       |     1 ||     1
    Use: Scroll            |       |     4 ||     4
         Potion            |       |     1 ||     1
   Stab: Sleeping          |     8 |     5 ||    13
 Armour: Skin              |     3 |     6 ||     9
  Dodge: Dodged            |    39 |    74 ||   113

Table legend: (Time is in decaauts)
 A = Elapsed time spent in this place.
 B = Non-inter-level travel time spent in this place.
 C = Inter-level travel time spent in this place.
 D = Time resting spent in this place.
 E = Time spent auto-exploring this place.
 F = Levels seen in this place.
 G = Mean time per level.
                   A        B        C        D        E       F      G
               +--------+--------+--------+--------+--------+-----+--------+
         Total |   3455 |   3308 |    147 |      0 |   2768 |   4 |  863.8 |
       Dungeon |   3455 |   3308 |    147 |      0 |   2768 |   4 |  863.8 |
               +--------+--------+--------+--------+--------+-----+--------+

Top non-repeatable levels by time:
     D:1: 1065 daAuts
     D:3: 1022 daAuts
     D:2: 868 daAuts
     D:4: 499 daAuts
